AoeStats
← sakeone

Lombardia

509175462Analyzed
2v2 RM · 7d ago on Sep 25, 2026· 29m 14s· 4 players
Game mode
Random Map
Map size
Medium (4 player)
Population
200
Speed
Normal
Resources
Standard
Victory
Conquest
Starting age
Dark Age
Ending age
Imperial Age
RankedLock teamsTeams togetherTeam positionsShared explorationLock speedFull tech treeHidden civsTurbo modeCheats
Victory
Defeat
🇪🇸 Vikings · Spain
913
+15
🇪🇸 Cumans · Spain
819
+18
🇧🇪 Persians · Belgium
899
-17
🇫🇷 Franks · France
868
-45
sakeone
10:50 Feudal Age
14:01 Loom
14:09 Town Watch
15:55 Gold Mining
17:06 Double-Bit Axe
20:15 Scale Barding Armor
20:51 Horse Collar
21:58 Bloodlines
24:00 Wheelbarrow
24:34 Forging
26:41 Castle Age
25:01 Stone Mining
27:59 Heavy Plow
28:12 Bow Saw
28:26 Fervor
31:59 Imperial Age
29:48 Hand Cart
29:09 Light Cavalry
xDakaaH
0:29 Loom
11:13 Feudal Age
18:24 Fletching
21:33 Castle Age
21:41 Padded Archer Armor
22:25 Double-Bit Axe
22:08 Crossbowman
24:19 Gold Mining
25:55 Horse Collar
28:46 Ballistics
29:11 Bodkin Arrow
29:27 Stone Mining
CPR 1er
10:16 Feudal Age
14:43 Town Watch
16:21 Double-Bit Axe
18:18 Gold Mining
420 buddha
7:04 Loom
10:12 Feudal Age
10:43 Double-Bit Axe
13:07 Wheelbarrow
19:56 Castle Age
18:30 Fletching
20:21 Padded Archer Armor
20:41 Bow Saw
22:13 Horse Collar
24:14 Hand Cart
23:56 Elite Skirmisher
27:17 Thumb Ring
29:12 Bodkin Arrow
Connection lost

Rejoining the realm…

Still unreachable

The connection could not be restored.

Session expired

The server has moved on; the page needs a fresh start.